 Dungeon Crawl Stone Soup version 0.21.0-3-g78d12a8bdd (webtiles) character file.

1155 BrokenGlass the Grappler (level 8, -1/50 HPs)
             Began as an Octopode Fighter on Jan 13, 2018.
             Was a Follower of Ru.
             Killed by divine providence
             ... invoked by an orc priest
              (11 damage)
             ... on level 4 of the Dungeon.
             The game lasted 00:06:04 (4941 turns).

BrokenGlass the Grappler (Octopode Fighter)         Turns: 4941, Time: 00:06:05

Health: -1/50      AC:  1    Str: 18    XL:     8   Next: 39%
Magic:  7/7        EV: 14    Int: 10    God:    Ru [*.....]
Gold:   191        SH:  5    Dex: 11    Spells: 7/7 levels left

rFire    . . .     SeeInvis .     - Unarmed
rCold    . . .     Gourm    .   h - +0 buckler
rNeg     . . .     Faith    .   (helmet restricted)
rPois    .         Spirit   .   (no amulet)
rElec    .         Reflect  .   (no ring)
rCorr    .         Harm     .   (no ring)
MR       +....                  (no ring)
Stlth    ++........             (no ring)
HPRegen  0.16/turn              (no ring)
MPRegen  0.10/turn              (no ring)
                                (no ring)
                                (no ring)

@: lethally poisoned (-1 -> -5)
A: almost no armour, stealthy swim, amphibious, 8 rings, constrict 8, camouflage
1, frail 1, low mp 1, magic resistance 1, gelatinous body 1, hated by all
a: Renounce Religion


You were on level 4 of the Dungeon.
You worshipped Ru.
Ru was aware of your devotion.
You were hungry.

You visited 1 branch of the dungeon, and saw 6 of its levels.

You collected 191 gold pieces.

Inventory:

Missiles
 b - 4 javelins
 n - 15 bolts
 s - a throwing net (quivered)
Armour
 a - a +0 shield
 h - a +0 buckler (worn)
Jewellery
 m - a +5 ring of strength {unknown}
Wands
 f - a wand of digging (17)
 r - a wand of iceblast (10)
Scrolls
 d - a scroll of noise {unknown}
 e - 6 scrolls of identify {unknown}
 g - 3 scrolls of teleportation {unknown}
 i - a scroll of fog {unknown}
 k - 4 scrolls of remove curse {unknown}
 l - 2 scrolls of blinking {unknown}
Potions
 q - 2 potions of resistance
Comestibles
 c - 7 rations


   Skills:
 * Level 5.4 Fighting
 - Level 3.0 Dodging
 - Level 4.4 Shields
 + Level 8.1 Unarmed Combat


You had 7 spell levels left.
You didn't know any spells.

Dungeon Overview and Level Annotations

Branches:
Dungeon (6/15)
 Temple: D:4-7

Altars:
Cheibriados
Dithmenos
Ru


Innate Abilities, Weirdness & Mutations

You cannot wear most types of armour.
You are very stealthy in the water. (Stealth+)
You are amphibious.
You can wear up to eight rings at the same time.
You can use your tentacles to constrict eight enemies at once.
Your skin changes colour to match your surroundings (Stealth+).
Your rubbery body absorbs attacks. (AC +1, EV +1)
You are hated by all.
You are frail. (-10% HP)
Your magical capacity is low. (-10% MP)
You are resistant to hostile enchantments. (MR+)


Message History

An orc comes into view.
You see here a leather armour.
You block the worker ant's attack.
Unknown command.
Unknown command.
Unknown command.
The orc priest shouts!
The worker ant bites you.
* * * LOW HITPOINT WARNING * * *
You are poisoned.
The worker ant poisons you!
An orc comes into view. It is wielding a falchion.
An orc and an orc wizard come into view.
You feel sick.
An orc comes into view. It is wielding a club.
Unknown command.
You feel sick.
The orc priest mumbles some strange prayers to Beogh against you.
Beogh smites you!
You die...

.........###.......#
........................
.....o..........a.......
...........a#####...####
.......o..o...# #...# l
....o.....#.#.###...###.
....>...#.#.#..###...#..
.....o..#.#.##.###.....#
. ##..@#...............
...##..o.###.#..l........
.......a####....g#..?....
.......l..S...##o##......
.........###.###.###....#
.......#.l.#...#..#......
.......#...l.o[go........
.......##.###o.o.........
....... #.. ####.........


You could see a worker ant, an orc priest, an orc wizard (wandering), 3 orcs and
a frilled lizard.

Vanquished Creatures
  The ghost of BrokenGlass the Martial Artist, a novice OpFi (D:5)
  The ghost of BrokenGlass the Insei, an amateur OpFi (D:3)
  A centaur (D:6)
  A scorpion (D:6)
  A howler monkey (D:5)
  A centaur zombie (D:5)
  2 crimson imps
  A hound (D:6)
  2 iguanas
  2 worker ants
  A worker ant zombie (D:6)
  4 gnolls (D:2)
  11 adders
  6 oozes
  4 worms
  2 dart slugs (D:2)
  3 leopard geckos
  11 bats
  4 giant cockroaches
  7 goblins
  7 hobgoblins
  6 jackals
  4 kobolds
  A quokka (D:2)
  2 ball pythons (D:3)
  4 frilled lizards
  A jackal skeleton (D:6)
  7 rats
98 creatures vanquished.

Notes
Turn   | Place    | Note
-------+----------+-------------------------------------------
     0 | D:1      | BrokenGlass the Octopode Fighter began the quest for the Orb.
     0 | D:1      | Reached XP level 1. HP: 16/16 MP: 1/1
     6 | D:1      | Found a runed door.
   218 | D:1      | Reached XP level 2. HP: 21/21 MP: 2/2
   994 | D:1      | Reached XP level 3. HP: 19/26 MP: 3/3
  1027 | D:1      | Reached XP level 4. HP: 9/31 MP: 4/4
  1251 | D:2      | Reached skill level 3 in Unarmed Combat
  1531 | D:2      | Found a sacrificial altar of Ru.
  1579 | D:2      | Became a worshipper of Ru the Awakened
  1886 | D:2      | Reached XP level 5. HP: 36/36 MP: 5/5
  1990 | D:2      | Reached skill level 4 in Unarmed Combat
  2593 | D:3      | Found a snail-covered altar of Cheibriados.
  2975 | D:3      | Gained mutation: You are hated by all. [Ru sacrifice]
  2975 | D:3      | Reached * piety under Ru
  3030 | D:3      | Noticed BrokenGlass's ghost (amateur OpFi)
  3050 | D:3      | Killed BrokenGlass's ghost
  3050 | D:3      | Reached skill level 5 in Unarmed Combat
  3050 | D:3      | Reached XP level 6. HP: 9/42 MP: 6/6
  3474 | D:4      | Noticed a phantom
  3474 | D:5      | Entered Level 5 of the Dungeon
  3564 | D:5      | Noticed BrokenGlass's ghost (novice OpFi)
  3565 | D:5      | Noticed a sky beast
  3565 | D:5      | Gained mutation: You are frail. (-10% HP) [potion of mutation]
  3565 | D:5      | Gained mutation: Your magical capacity is low. (-10% MP) [potion of mutation]
  3565 | D:5      | Gained mutation: You are resistant to hostile enchantments. (MR+) [potion of mutation]
  3609 | D:6      | Reached skill level 6 in Unarmed Combat
  3900 | D:6      | Reached XP level 7. HP: 23/41 MP: 6/6
  4025 | D:6      | Reached skill level 7 in Unarmed Combat
  4293 | D:5      | Found a shadowy altar of Dithmenos.
  4855 | D:5      | Killed BrokenGlass's ghost
  4855 | D:5      | Reached skill level 5 in Fighting
  4855 | D:5      | Reached skill level 8 in Unarmed Combat
  4855 | D:5      | Reached XP level 8. HP: 8/50 MP: 7/7
  4864 | D:5      | HP: 1/50 [something (6)]
  4920 | D:4      | HP: 2/50 [adder (4)]
  4941 | D:4      | Killed from afar by an orc priest

Skill      XL: |  1  2  3  4  5  6  7 |
---------------+----------------------+-----
Shields        | 4 |  4.4
Unarmed Combat | 3 5 6 8 |  8.1
Fighting       | 5 |  5.4
Dodging        | |  3.0

Action                   |  1- 3 |  4- 6 |  7- 9 || total
-------------------------+-------+-------+-------++-------
Melee: Unarmed           |    77 |   127 |    63 ||   267
       Constrict         |    17 |    32 |     9 ||    58
       Tentacles         |    18 |    27 |    11 ||    56
       Punch             |       |     5 |     1 ||     6
Invok: Sacrifice Love    |       |     1 |       ||     1
  Use: Potion            |       |     5 |     6 ||    11
 Stab: Sleeping          |     5 |     4 |       ||     9
       Distracted        |       |       |     1 ||     1
  Eat: Chunk             |       |     9 |     3 ||    12
Armor: Skin              |     8 |     7 |     2 ||    17
Dodge: Dodged            |    40 |    73 |    30 ||   143
Block: Buckler           |    10 |    25 |    11 ||    46
